 Dungeon Crawl Stone Soup version 0.30-a0-824-g6c64550be9 (webtiles) character file.

Game seed: 11730042688198522829

28 cforsyth the Sneak (level 3, 0/22 HPs)
             Began as a Kobold Brigand on Feb 28, 2023.
             Slain by a kobold
             ... wielding a +0 club
              (2 damage)
             ... on level 1 of the Dungeon.
             The game lasted 00:01:08 (718 turns).

cforsyth the Sneak (Kobold Brigand)                  Turns: 718, Time: 00:01:09

Health: 0/22       AC:  3    Str:  8    XL:     3   Next: 27%
Magic:  3/3        EV: 15    Int: 12    God:
Gold:   45         SH:  0    Dex: 18    Spells: 2/2 levels left

rFire   . . .      SeeInvis .    a - +2 dagger
rCold   . . .      Faith    .    (no shield)
rNeg    . . .      Spirit   .    b - +0 robe
rPois   .          Reflect  .    (no helmet)
rElec   .          Harm     .    c - +0 cloak
rCorr   .          Rampage  .    (no gloves)
Will    .....                    (no boots)
Stlth   ++++                     (no amulet)
HPRegen 0.23/turn                (no ring)
MPRegen 0.08/turn                (no ring)

@: no status effects
A: small, no large weapons, nightstalker 3
a: no special abilities


You were on level 1 of the Dungeon.
You visited 1 branch of the dungeon, and saw 1 of its levels.

You collected 45 gold pieces.

Inventory:

Hand Weapons
 a - a +2 dagger (weapon)
Missiles
 d - 12 poisoned darts (quivered)
 e - 3 curare-tipped darts
Armour
 b - a +0 robe (worn)
 c - a +0 cloak (worn)
Scrolls
 f - a scroll of teleportation {unknown}
 g - a scroll of poison {unknown}
 h - a scroll of summoning {unknown}
 i - a scroll of identify {unknown}
Potions
 j - a potion of attraction {unknown}


   Skills:
 + Level 2.6 Fighting
 + Level 3.4 Short Blades
 - Level 2.1 Throwing
 + Level 2.0 Dodging
 + Level 5.7 Stealth


You had 2 spell levels left.
You didn't know any spells.
Your spell library contained the following spells:

 Spells                   Type           Power      Damage    Failure   Level
 Cigotuvi's Dreadful Rot  Necr/Pois/Air  0%         N/A       45%         2
 Poisonous Vapours        Pois/Air       0%         N/A       45%         2
 Mephitic Cloud           Conj/Pois/Air  0%         N/A       69%         3


Dungeon Overview and Level Annotations

Branches:
Dungeon (1/15)

Altars:


Innate Abilities, Weirdness & Mutations

You are small and have problems with some larger weapons.
You are completely attuned to the shadows.


Message History

The kobold shouts!
The hobgoblin shouts! x2
A bat comes into view.
You hit the kobold but do no damage. The bat misses you. The kobold misses you.
You hit the kobold but do no damage. The bat misses you.
The kobold hits you with a +0 club.
You hit the bat.
You kill the bat!
The hobgoblin completely misses you. The kobold hits you but does no damage.
The hobgoblin hits you but does no damage.
You closely miss the hobgoblin.
The hobgoblin hits you but does no damage.
The kobold barely misses you. The hobgoblin completely misses you.
You hit the hobgoblin.
You kill the hobgoblin!
The hobgoblin closely misses you. The kobold hits you with a +0 club.
You hit the kobold but do no damage. You barely miss the kobold.
The hobgoblin misses you. The kobold closely misses you.
You barely miss the kobold. The hobgoblin closely misses you.
The kobold closely misses you.
You barely miss the kobold. The hobgoblin closely misses you.
The kobold closely misses you.
You closely miss the kobold. The hobgoblin misses you.
The kobold hits you with a +0 club.
You closely miss the kobold. The hobgoblin hits you.
The kobold hits you with a +0 club.
* * * LOW HITPOINT WARNING * * *
You are too injured to fight recklessly!
You are too injured to fight recklessly!
You are too injured to fight recklessly!
You are too injured to fight recklessly!
You are too injured to fight recklessly!
You are too injured to fight recklessly!
You are too injured to fight recklessly!
You are too injured to fight recklessly!
The kobold attacks as you move away! The kobold barely misses you.
The hobgoblin attacks as you move away! The hobgoblin hits you.
* * * LOW HITPOINT WARNING * * *
The kobold attacks as you move away! The kobold hits you with a +0 club.
You die...

#
#############
###
#.....@g.....
....
##.####.K.....
....
######...#
#.#####. #.._
#........# #.#
#######...
#.####...# #.#
#.....#... #.#
#####
#.###.#### #.#
#.# #..... #.#
#.###.###.
###.# #.....#
#.


You could see a hobgoblin and a kobold.

Vanquished Creatures
  5 bats (D:1)
  3 endoplasms (D:1)
  2 giant cockroaches (D:1)
  A goblin (D:1)
  4 hobgoblins (D:1)
  2 kobolds (D:1)
  2 quokkas (D:1)
  2 ball pythons (D:1)
  2 frilled lizards (D:1)
23 creatures vanquished.

Notes
Turn   | Place    | Note
-------+----------+-------------------------------------------
     0 | D:1      | cforsyth the Kobold Brigand began the quest for the Orb.
     0 | D:1      | Reached XP level 1. HP: 12/12 MP: 1/1
    78 | D:1      | Reached XP level 2. HP: 18/18 MP: 2/2
   388 | D:1      | Found a faded altar of an unknown god.
   440 | D:1      | Reached XP level 3. HP: 21/22 MP: 3/3
   718 | D:1      | Slain by a kobold

Illustrated notes

Levels and vault maps discovered:
D:1:      dpeg_arrival_fog, layout_loops_ring,
          dreamdust_ecumenical_altar_statues

Skill      XL: |  1  2  3 |
---------------+----------+-----
Short Blades   | 3 |  3.4
Dodging        | 2 |  2.0
Fighting       | |  2.6
Throwing       | |  2.1
Stealth        | |  5.7

Action                     || total
---------------------------++-------
  Melee: Dagger            ||    50
   Stab: Sleeping          ||    12
 Armour: Robe              ||     7
  Dodge: Dodged            ||    28

Table legend: (Time is in decaauts)
 A = Elapsed time spent in this place.
 B = Non-inter-level travel time spent in this place.
 C = Inter-level travel time spent in this place.
 D = Time resting spent in this place.
 E = Time spent auto-exploring this place.
 F = Levels seen in this place.
 G = Mean time per level.
                   A        B        C        D        E       F      G
               +--------+--------+--------+--------+--------+-----+--------+
         Total |    710 |    710 |      0 |      0 |    588 |   1 |  710.0 |
       Dungeon |    710 |    710 |      0 |      0 |    588 |   1 |  710.0 |
               +--------+--------+--------+--------+--------+-----+--------+

Top non-repeatable levels by time:
     D:1: 710 daAuts
